 Dungeon Crawl Stone Soup version 0.18-a0-1211-g828307d (webtiles) character file.

4 ololoev the Firebug (level 1, -1/10 HPs)
             Began as a Deep Elf Fire Elementalist on Feb 2, 2016.
             Slain by a goblin (4 damage)
             ... on level 1 of the Dungeon.
             The game lasted 00:00:48 (92 turns).

ololoev the Firebug (Deep Elf Fire Elementalist)      Turns: 92, Time: 00:00:48

Health: -1/10      AC:  2    Str:  5    XL:     1   Next: 58%
Magic:  0/6        EV: 13    Int: 19    God:
Gold:   8          SH:  0    Dex: 15    Spells: 1 memorised, 5 levels left

rFire  . . .     SeeInvis .     (no weapon)
rCold  + . .     Gourm    .     a - +0 robe
rNeg   . . .     Faith    .     (no shield)
rPois  .         Spirit   .     (no helmet)
rElec  .         Dismiss  .     (no cloak)
rCorr  .         Reflect  .     (no gloves)
SustAt .         Harm     .     (no boots)
MR     .....                    (no amulet)
Stlth  ++........               (no ring)
                                f - ring of protection from cold

@: very slightly contaminated, not resistant to hostile enchantments, unstealthy
A: no striking features
a: no special abilities

Inventory:

Armour
 a - a +0 robe (worn)
Jewellery
 f - a ring of protection from cold (left hand)
Scrolls
 e - a scroll of identify {unknown}
Potions
 d - a potion of lignification {unknown}
Books
 b - a book of Flames

   Spells                             Type                      Level
   a - Flame Tongue                   Conjuration/Fire             1
   b - Throw Flame                    Conjuration/Fire             2
   c - Conjure Flame                  Conjuration/Fire             3
   d - Inner Flame                    Hexes/Fire                   3
   e - Sticky Flame                   Conjuration/Fire             4
   f - Fireball                       Conjuration/Fire             5
Comestibles
 c - a bread ration


   Skills:
 - Level 2.4 Dodging
 - Level 2.4 Stealth
 + Level 3.0 Spellcasting
 * Level 1.4 Conjurations
 + Level 3.5 Fire Magic


You had 5 spell levels left.
You knew the following spells:

 Your Spells              Type           Power        Failure   Level  Hunger
a - Flame Tongue          Conj/Fire      ##...        8%          1    None


You were on level 1 of the Dungeon.
You were not hungry.

You visited 1 branch of the dungeon, and saw 2 of its levels.

You collected 8 gold pieces.

..... #...# .....
#..>#### .....
########......# #...#
#......#......# ###
#......#......#
#######......#).....#
....................#
#####.###########'###
#.#..$..)..g@..#
#.'.........#..#
###..######.#..# ..#
#.#..# ..# #.#..# ..#
#)#..# ..# #.#..# ..#
.. ..# ..#

Notes
Turn   | Place    | Note
--------------------------------------------------------------
     0 | D:1      | ololoev the Deep Elf Fire Elementalist began the quest for the Orb.
     0 | D:1      | Reached XP level 1. HP: 10/10 MP: 6/6
    92 | D:1      | Slain by a goblin

Dungeon Overview and Level Annotations

Branches:
Dungeon (2/15)

Altars:


Message History

There is a stone staircase leading down here.
You climb downwards.
A worm comes into view.
There is a stone staircase leading up here.
Casting: Flame Tongue
Confirm with . or Enter, or press ? or * to list all spells.
You can't see any susceptible monsters within range! (Use Z to cast anyway.)
You climb upwards.
There is a stone staircase leading down here.
You open the door.
The goblin shouts!
There is an open door here.
Found a dagger.
Casting: Flame Tongue
Confirm with . or Enter, or press ? or * to list all spells.
Aiming: Flame Tongue
Press: ? - help, Shift-Dir - straight line, f - goblin
Aim: a goblin You miscast Flame Tongue.
Your hair stands on end.
Casting: Flame Tongue
Confirm with . or Enter, or press ? or * to list all spells.
Aiming: Flame Tongue
Press: ? - help, Shift-Dir - straight line, f/p - goblin
Aim: a goblin The flame tongue misses the goblin.
You hit the goblin but do no damage. The goblin barely misses you.
You barely miss the goblin. The goblin hits you.
You closely miss the goblin. The goblin closely misses you.
You closely miss the goblin. The goblin completely misses you.
Casting: Flame Tongue
Confirm with . or Enter, or press ? or * to list all spells.
Aiming: Flame Tongue
Press: ? - help, Shift-Dir - straight line, f/p - goblin
Aim: a goblin The flame tongue misses the goblin.
The goblin misses you.
You hit the goblin but do no damage. The goblin barely misses you.
You closely miss the goblin. The goblin barely misses you.
You closely miss the goblin. The goblin barely misses you.
You hit the goblin but do no damage. The goblin hits you.
You die...

You could see a goblin.

Vanquished Creatures
  A hobgoblin (D:1)
  2 kobolds (D:1)
  A bat (D:1)
4 creatures vanquished.

Action                   || total
-------------------------++-------
Melee: Unarmed           ||     8
 Cast: Flame Tongue      ||    11

Vault maps used:
D:1:      dpeg_arrival_three_smaller_balls, serial_park_tiny_2,
          minmay_misc_feat_more_columns, kennysheep_small_spiral
D:2:      minmay_door_path, grunt_gozag_breadcrumbs
